 Dungeon Sprint DCSS version 0.22-a0-40-g3d2f077 (webtiles) character file.

12 Faca the Sneak (level 2, 0/20 HPs)
             Began as an Octopode Assassin on Jan 5, 2018.
             Slain by an iguana (13 damage)
             ... in the Dungeon (Sprint IX: "|||||||||||||||||||||||||||||").
             The game lasted 00:00:24 (33 turns).

Faca the Sneak (Octopode Assassin)                    Turns: 33, Time: 00:00:24

Health: 0/20       AC:  1    Str: 10    XL:     2   Next: 33%
Magic:  2/2        EV: 13    Int: 13    God:
Gold:   0          SH:  0    Dex: 13    Spells: 1/1 levels left

rFire    . . .     SeeInvis .   a - +2 dagger
rCold    . . .     Gourm    .   (no shield)
rNeg     . . .     Faith    .   (helmet restricted)
rPois    .         Spirit   .   (no amulet)
rElec    .         Reflect  .   (no ring)
rCorr    .         Harm     .   (no ring)
MR       .....     NoTele   +   (no ring)
Stlth    +++++.....             (no ring)
HPRegen  0.06/turn              (no ring)
MPRegen  0.08/turn              (no ring)
                                (no ring)
                                (no ring)

@: no status effects
A: almost no armour, stealthy swim, amphibious, 8 rings, constrict 8, camouflage
1, gelatinous body 1
a: no special abilities


You were in the Dungeon.
You were not hungry.

You visited 1 branch

Inventory:

Hand Weapons
 a - a +2 dagger (weapon)
 b - a +0 blowgun
Missiles
 c - 8 poisoned needles
 d - 2 curare-tipped needles
Scrolls
 k - a scroll of blinking
Potions
 e - a potion of curing
 g - a potion of heal wounds
 h - a potion of haste
 i - 2 potions of magic
 j - a potion of berserk rage
Comestibles
 f - a ration


   Skills:
 + Level 2.3 Fighting
 + Level 2.4 Short Blades
 - Level 2.0 Throwing
 + Level 1.3 Dodging
 + Level 7.8 Stealth


You had one spell level left.
You didn't know any spells.

Dungeon Overview and Level Annotations

Branches:
Dungeon (1/1)

Altars:


Innate Abilities, Weirdness & Mutations

You cannot wear most types of armour.
You are very stealthy in the water. (Stealth+)
You are amphibious.
You can wear up to eight rings at the same time.
You can use your tentacles to constrict eight enemies at once.
Your skin changes colour to match your surroundings (Stealth+).
Your rubbery body absorbs attacks. (AC +1, EV +1)


Message History

You hit the iguana but do no damage.
The iguana is lightly wounded.
You constrict the iguana. You hit the iguana but do no damage.
You squeeze the iguana, but do no damage.
The iguana is moderately wounded.
You constrict the iguana. The iguana bites you!
You hit the iguana.
You squeeze the iguana, but do no damage.
The iguana is severely wounded.
You constrict the iguana. The iguana barely misses you.
You hit the iguana but do no damage.
You squeeze the iguana, but do no damage.
The iguana is severely wounded.
You constrict the iguana. The iguana closely misses you.
You hit the iguana but do no damage.
The iguana is almost dead.
You constrict the iguana. The iguana bites you!
Ouch! That really hurt!
You die... ▓▓▓▓▓▓▓▓▓▓▓▓▓▓▓▓▓▓ +.Shll@..††.'...<▓ ▓▓▓▓▓▓▓▓▓▓▓▓▓▓▓▓▓▓

You could see an iguana, a hound, an adder and a leopard gecko.

Vanquished Creatures
  An ooze (D)
  A leopard gecko (D)
  An orc (D)
  A hobgoblin (D)
  2 bats (D)
6 creatures vanquished.

Notes
Turn   | Place    | Note
-------+----------+-------------------------------------------
     0 | D        | Faca the Octopode Assassin began the quest for the Orb.
     0 | D        | Reached XP level 1. HP: 14/14 MP: 1/1
     5 | D        | Reached skill level 6 in Stealth
     7 | D        | Reached skill level 7 in Stealth
     7 | D        | Reached XP level 2. HP: 19/19 MP: 2/2
    33 | D        | Slain by an iguana

Vault maps used:
D:        linesprint

Skill      XL: |  1 |
---------------+----+-----
Stealth        | 7 |  7.8
Fighting       | |  2.3
Short Blades   | |  2.4
Throwing       | |  2.0
Dodging        | |  1.3

Action                   || total
-------------------------++-------
Melee: Dagger            ||    22
       Tentacles         ||     5
       Constrict         ||     3
 Stab: Sleeping          ||     2
Armor: Skin              ||     5
Dodge: Dodged            ||    12

Table legend:
 A = Spawn XP
 B = Non-spawn XP
 C = Spawn XP percentage of total XP
 D = Spawn monster count
 E = Non-spawn monster count
 F = Spawn count percentage of total count
 G = Total turns spent on level
                    A         B        C        D         E        F      G
               +---------+---------+-------+---------+---------+-------+---------
         Total |       0 |      18 |   0.0 |       0 |       6 |   0.0 |    33
               +---------+---------+-------+---------+---------+-------+---------
             D |       0 |      18 |   0.0 |       0 |       6 |   0.0 |    33
               +---------+---------+-------+---------+---------+-------+---------
